 Dungeon Crawl Stone Soup version 0.18-a0-952-g309898a (webtiles) character file.

47 filipzpl the Skirmisher (level 3, 0/34 HPs)
             Began as a Minotaur Fighter on Dec 30, 2015.
             Succumbed to Crazy Yiuf's poison
             ... on level 2 of the Dungeon.
             The game lasted 00:02:01 (807 turns).

filipzpl the Skirmisher (Minotaur Fighter)           Turns: 807, Time: 00:02:01

Health: 0/34       AC:  7    Str: 21    XL:     3   Next: 48%
Magic:  2/2        EV:  7    Int:  5    God:
Gold:   87         SH:  9    Dex:  9    Spells: 0 memorised, 2 levels left

rFire  . . .     SeeInvis .     a - +0 war axe
rCold  . . .     Gourm    .     b - +0 scale mail
rNeg   . . .     Faith    .     c - +0 shield
rPois  .         Spirit   .     (helmet restricted)
rElec  .         Dismiss  .     (no cloak)
rCorr  .         Reflect  .     (no gloves)
SustAt .         Harm     .     (no boots)
MR     .....                    (no amulet)
Stlth  ..........               (no ring)
                                (no ring)

@: lethally poisoned (0 -> -7), not resistant to hostile enchantments, extremely
unstealthy
A: retaliatory headbutt, horns 2
a: no special abilities


You were on level 2 of the Dungeon.
You were not hungry.

You visited 1 branch of the dungeon, and saw 2 of its levels.

You collected 87 gold pieces.

Inventory:

Hand Weapons
 a - a +0 war axe (weapon)
Armour
 b - a +0 scale mail (worn)
 c - a +0 shield (worn)
Jewellery
 k - an uncursed amulet of faith {unknown}
 o - an uncursed amulet of resist corrosion {unknown}
Scrolls
 g - a scroll of enchant weapon {unknown}
 h - a scroll of immolation {unknown}
 j - a scroll of identify {unknown}
 l - a scroll of random uselessness {unknown}
Potions
 d - a potion of might
 e - 2 potions of ambrosia {unknown}
 m - a potion of curing {unknown}
 n - a potion of magic {unknown}
Comestibles
 f - 3 bread rations
 i - a beef jerky


   Skills:
 * Level 4.6 Fighting
 * Level 3.5 Axes
 + Level 3.9 Armour
 - Level 3.6 Shields


You had 2 spell levels left.
You didn't know any spells.

Dungeon Overview and Level Annotations

Branches:
Dungeon (2/15)

Altars:

Annotations:
D:2 Crazy Yiuf


Innate Abilities, Weirdness & Mutations

You reflexively headbutt those who attack you in melee.
You have a pair of horns on your head.


Message History

Crazy Yiuf is almost dead.
* * * LOW HITPOINT WARNING * * *
You feel sick.
Crazy Yiuf cries, "Goober!
Aardvark ena stair."
Crazy Yiuf hits you with a quarterstaff of chaos.
* * * LOW HITPOINT WARNING * * *
x2 You closely miss Crazy Yiuf.
Crazy Yiuf is almost dead.
* * * LOW HITPOINT WARNING * * *
You feel sick. You block Crazy Yiuf's attack.
Crazy Yiuf twirls on the spot.
You block Crazy Yiuf's attack.
You barely miss Crazy Yiuf.
Crazy Yiuf is almost dead.
* * * LOW HITPOINT WARNING * * *
You feel sick. Crazy Yiuf closely misses you. You furiously retaliate!
You headbutt Crazy Yiuf, but do no damage.
You hit Crazy Yiuf but do no damage. Your headbutt misses Crazy Yiuf.
Crazy Yiuf is almost dead.
You die...

#....###.# ##..## #.# #....#
#.#### ##### ##...# #....##.....
##.## #........... ##.#
#........... #.## #...........
##.# #........... #@##
#....>...... # #g# #...........
## ... #........... .## #######
#...# #........... .>####.....#
#)..# #....)...... .....#.....#
##### #....(...### ..##.#.....#
#...........
...........#############..######.
.#####..........#.........######.


You could see Crazy Yiuf.

Vanquished Creatures
  An ooze (D:1)
  3 worms
  A bat (D:1)
  3 giant cockroaches
  4 hobgoblins (D:1)
  2 jackals (D:2)
  2 quokkas (D:2)
  3 giant newts
  4 goblins
  4 kobolds
  4 rats
31 creatures vanquished.

Notes
Turn   | Place    | Note
--------------------------------------------------------------
     0 | D:1      | filipzpl the Minotaur Fighter began the quest for the Orb.
     0 | D:1      | Reached XP level 1. HP: 19/19 MP: 0/0
   214 | D:1      | Reached skill level 4 in Fighting
   214 | D:1      | Reached XP level 2. HP: 25/27 MP: 1/1
   578 | D:2      | Reached XP level 3. HP: 24/34 MP: 2/2
   709 | D:2      | Found a faded altar to an unknown god.
   797 | D:2      | Noticed Crazy Yiuf
   806 | D:2      | HP: 1/34 [poisoned by Crazy Yiuf]
   807 | D:2      | Succumbed to Crazy Yiuf's poison

Vault maps used:
D:1:      zaba_arrival_water, dk_noncrumbling_2
D:2:      ecumenical_altar_1, first_bread, corexii_shack,
          uniq_crazy_yiuf_cottage

Action                   || total
-------------------------++-------
Melee: War axe           ||    77
